Map: Galactic Process LE

Players

Rob - Winner!

  • Race: Protoss Protoss
  • League: Grandmaster
  • Spawn Location: 7:00

Jason

  • Race: Terran Terran
  • League: Grandmaster
  • Spawn Location: 1:00

VOD

Have the link to the VOD?

Description

Time

  • Played on: May 14, 2019, 11 a.m.
  • Length: 5:54
Show
View Real Time Build Order
Export as new Build Order

Rob Protoss - Winner!

Build Orders: Phoenix Opening, Blink Stalkers 

Get SALT Encoding   

  12  0:00  Probe  
  13  0:12  Probe  
  14  0:20  Pylon  
  14  0:24  Probe  
  15  0:35  Probe  
  16  0:43  Probe  
  16  0:44  Gateway  
  17  0:50  Assimilator  
  17  0:52  Probe  
  18  1:00  Assimilator  
  18  1:04  Probe  
  19  1:16  Probe  
  20  1:28  Probe  
  20  1:31  Cybernetics Core  
  21  1:41  Probe  
  22  1:52  Pylon  
  22  1:53  Probe  
  23  2:01  Nexus  
  23  2:02  Sentry  
  23  2:07  Probe  
  23  2:10  Warp Gate  
  26  2:16  Probe  
  27  2:27  Stalker  
  29  2:30  Probe  
  30  2:38  Twilight Council  
  30  2:41  Phoenix  
  30  2:42  Probe  
  31  2:57  Blink  
  31  3:03  Gateway  
  31  3:04  Gateway  
  31  3:12  Probe  
  32  3:13  Probe, Pylon  
  33  3:24  Probe  
  33  3:25  Probe  
  35  3:30  Stalker  
  35  3:33  Shield Battery  
  35  3:36  Probe  
  35  3:37  Probe  
  39  3:49  Probe x2  
  41  4:01  Probe x2  
  41  4:02  Stalker x2  
  45  4:08  Stalker  
  48  4:13  Probe x2  
  48  4:15  Pylon  
  50  4:25  Probe x2  
  50  4:30  Stalker  
  53  4:37  Stalker  
  49  4:47  Stalker  
  49  4:48  Probe x2  
  53  4:56  Stalker  
  53  4:58  Probe  
  55  5:00  Stalker  
  55  5:01  Probe  
  59  5:13  Probe  
  59  5:14  Probe, Forge  
  60  5:17  Pylon  
  60  5:19  Pylon  
  61  5:25  Probe  
  60  5:39  Probe x2  
  60  5:41  Stalker x2  
  60  5:42  Stalker  
Show
View Real Time Build Order
Export as new Build Order

Jason Terran 

Build Orders: Gas First Reaper Expand 

Get SALT Encoding   

  12  0:01  SCV  
  13  0:13  SCV  
  14  0:20  Supply Depot  
  14  0:25  SCV  
  15  0:31  Refinery  
  15  0:41  SCV  
  16  0:45  Barracks  
  16  0:54  SCV  
  17  1:06  SCV  
  18  1:18  SCV  
  19  1:33  Reaper, Orbital Command  
  20  1:48  Command Center  
  20  2:02  Factory  
  20  2:04  SCV  
  20  2:08  Barracks Reactor  
  21  2:15  Supply Depot  
  21  2:19  SCV  
  22  2:29  Refinery  
  22  2:31  SCV  
  23  2:43  SCV  
  24  2:49  Starport  
  24  2:52  Hellion x2  
  24  2:54  Barracks Tech Lab  
  24  2:57  SCV  
  29  3:10  SCV  
  30  3:13  Hellion  
  30  3:14  Hellion  
  34  3:23  Orbital Command  
  35  3:27  Medivac  
  35  3:30  SCV  
  37  3:43  SCV  
  37  3:44  Supply Depot  
  37  3:45  Cyclone  
  37  3:47  Marine  
  42  3:51  Marine  
  42  3:52  SCV  
  44  3:56  SCV  
  45  4:05  Viking  
  45  4:07  SCV  
  45  4:09  SCV, Marine x2  
  51  4:17  Siege Tank  
  54  4:29  Supply Depot  
  54  4:30  SCV, Supply Depot  
  54  4:41  SCV, Marine  
  50  4:46  SCV  
  50  4:52  Command Center  
  51  4:53  SCV  
  51  4:54  Marine  
  51  4:57  Siege Tank  
  51  4:58  SCV  
  55  5:05  SCV  
  56  5:07  Bunker, Marine  
  56  5:09  Starport Tech Lab  
  56  5:10  SCV  
  56  5:12  Engineering Bay  
  58  5:17  SCV  
  58  5:21  Marine  
  59  5:22  SCV  
  59  5:29  SCV  
  59  5:35  SCV  
  59  5:41  SCV  
Tags
 
Add a new tag
Caveats
  • Supply blocks, unpowered buildings, or Contaminate may cause inaccurate times.
  • Supply counts are checked every 10 seconds.